 Dungeon Crawl Stone Soup version 0.31-a0-795-g5eb97db20b (webtiles) character file.

Game seed: 17892909902667126387

36386 Armakuni the Destroyer (level 13, -4/73 HPs)
             Began as a Felid Shapeshifter on Sept 18, 2023.
             Was an Elder of Vehumet.
             Slain by an elephant (13 damage)
             ... on level 2 of the Lair of Beasts.
             The game lasted 00:56:41 (20394 turns).

Armakuni the Destroyer (Felid Shapeshifter)        Turns: 20394, Time: 00:56:41

Health: -4/73      AC:  9    Str: 15    XL:     13   Next: 52%
Magic:  20/20      EV: 19    Int: 17    God:    Vehumet [****..]
Gold:   882        SH:  0    Dex: 15    Spells: 3/20 levels left
                                        Lives:  0   Deaths: 4

rFire   . .          .
                       - Unarmed
rCold   . . .        (shield unavailable)
rNeg    + . .        (body armour unavailable)
rPois   .            (helmet unavailable)
rElec   .            (cloak unavailable)
rCorr   .            (gloves unavailable)
SInv    +            (boots unavailable)
Will    +....        (no amulet)
Stlth   +            E - +5 ring of evasion
HPRegen 0.32/turn    N - ring of positive energy
MPRegen 0.17/turn

%: no passive effects
@: snake-form
A: constrict, boosted hp, large, (claws 1), (fangs 3), see invisible, (speed 1),
(shaggy fur 3), (stealthy paws), no weapons or thrown items, no armour,
multi-lived
a: Begin Untransformation, Renounce Religion


You were on level 2 of the Lair of Beasts.
You worshipped Vehumet.
Vehumet was greatly pleased with you.
You were an enormous anaconda.
You visited 3 branches of the dungeon, and saw 15 of its levels.

You collected 987 gold pieces.
You spent 105 gold pieces at shops.

Inventory:

Jewellery
 E - a +5 ring of evasion (left hand)
 J - a ring of ice
 N - a ring of positive energy (right hand)
Talismans
 b - a beast talisman
 n - a serpent talisman (active)
Wands
 c - a wand of charming (3)
 m - a wand of mindburst (4)
 p - a wand of polymorph (19)
 v - a wand of iceblast (10)
 x - a wand of flame (6)
Scrolls
 a - 3 scrolls of silence
 d - a scroll of enchant weapon
 e - 5 scrolls of revelation
 f - a scroll of poison
 g - a scroll of noise
 i - a scroll of immolation
 j - 3 scrolls of teleportation
 k - 4 scrolls of identify
 q - a scroll of brand weapon {unknown}
 s - 2 scrolls of amnesia
 t - a scroll of fear
 u - a scroll of fog {unknown}
 w - a scroll of acquirement {unknown}
 y - a scroll of vulnerability
Potions
 h - 2 potions of curing
 l - a potion of cancellation
 o - a potion of magic
 r - 2 potions of enlightenment
 z - a potion of ambrosia {unknown}


   Skills:
 - Level 10.0 Fighting
 - Level 10.0 Dodging
 - Level 10.0 Unarmed Combat
 - Level 4.0 Spellcasting
 + Level 11.2 Conjurations
 - Level 7.0 Hexes
 - Level 5.0 Translocations
 - Level 4.0 Fire Magic
 - Level 3.0 Ice Magic
 - Level 10.0 Shapeshifting


You had 3 spell levels left.
You knew the following spells:

 Your Spells              Type           Power      Damage    Failure   Level
b - Blink                 Tloc           40%        N/A       3%          2
h - Hailstorm             Conj/Ice       27%        3d7       1%          3
l - Lesser Beckoning      Tloc           40%        N/A       3%          2
p - Fulminant Prism       Conj/Hex       17%        3d10      1%          4
s - Sticky Flame          Conj/Fire      29%        2d5       1%          4
z - Searing Ray           Conj           82%        2d7       1%          2

Your spell library contained the following spells:

 Spells                   Type           Power      Damage    Failure   Level
 Volatile Blastmotes      Fire/Tloc      36%        2d13      2%          3
 Magic Dart               Conj           100%       1d8       1%          1
 Momentum Strike          Conj/Tloc      62%        3d9       1%          2
 Scorch                   Fire           34%        2d6       1%          2
 Inner Flame              Hex/Fire       22%        N/A       1%          3
 Poisonous Vapours        Pois/Air       6%         N/A       7%          2
 Sting                    Tmut/Pois      12%        1d3       16%         1
 Flame Wave               Conj/Fire      29%        2d9       1%          4
 Olgreb's Toxic Radiance  Pois           3%         N/A       36%         4
 Summon Cactus Giant      Summ           1%         N/A       100%        6


Dungeon Overview and Level Annotations

Branches:
Dungeon (12/15)            Temple (1/1) D:5            Lair (2/5) D:8
  Swamp (0/4) Lair:2          Orc (0/2) D:10
  Snake: Lair:2-3    Spider: Lair:2-3

Altars:
Ashenzari
Cheibriados
Dithmenos
Elyvilon
Fedhas
Gozag
Hepliaklqana
Kikubaaqudgha
Makhleb
Nemelex Xobeh
Okawaru
Qazlal
Ru
Sif Muna
Trog
Uskayaw
Vehumet
Wu Jian
Xom
Yredelemnul
Zin
The Shining One

Shops:
D:5 ?   D:8 (

Annotations:
D:4 Crazy Yiuf
D:7 5 runed translucent doors, Maggie
D:8 3 runed translucent doors, Takeo's ghost, novice DsSh


Innate Abilities, Weirdness & Mutations

You are an enormous anaconda.
You have a powerful constriction melee attack.
Your maximum health is increased.
((You have sharp claws.))
((You have razor-sharp teeth.))
You have supernaturally acute eyesight. (SInv)
((You cover ground quickly. (Speed+)))
((Your thick and shaggy fur keeps you warm. (AC +3, rC+)))
((Your paws help you pounce on unaware monsters.))
You are incapable of wielding weapons or throwing items.
You cannot wear armour.
You gain extra lives every three experience levels.


Message History

You are too injured to fight recklessly!
You are too injured to fight recklessly!
You are too injured to fight recklessly!
You hit the elephant.
The elephant is almost dead.
The elephant barely misses you. The elephant completely misses you.
You body-slam the elephant!!
You kill the elephant!
Vehumet accepts your kill. The elephant tramples you!
* * * LOW HITPOINT WARNING * * *
You hold your ground!
The elephant trunk-slaps you but does no damage.
You hit the elephant but do no damage. The elephant misses you. x2
You lash the elephant!
The elephant is lightly wounded.
The elephant tramples you!
* * * LOW HITPOINT WARNING * * *
You hold your ground!
The elephant trunk-slaps you but does no damage.
You lash the elephant!
The elephant is moderately wounded.
You hit the elephant but do no damage.
The elephant is moderately wounded.
The elephant tramples you but does no damage.
The elephant trunk-slaps you but does no damage.
You body-slam the elephant!!
The elephant is severely wounded.
The elephant completely misses you.
The elephant trunk-slaps you but does no damage.
You lash the elephant!
The elephant is almost dead.
The elephant closely misses you. x2
You completely miss the elephant.
The elephant is almost dead.
The elephant completely misses you. The elephant closely misses you.
You lash the elephant!
The elephant is almost dead.
The elephant tramples you!
You die...

#### ###~### .#.### ##.#..
w_.~~~. #†...# .#.#.# #######
...### #..#.# . ....# ##..#.#. ##
....#### #.P.#.#.##.########.
...###.#######...#.#..##.....†...
....#...#.#.##.#.#.#...#########.
...........##...S†......####.....
..†.....<...#....Y............(..
.#.............#.......##.....###
....†.[..............###..†.###
.....................###....#
...................#..#).YY##
..###.#.................#†.#
..##.......................#
########.....#...#.#.......#


You could see an elephant.

Vanquished Creatures
  Josephine (D:12)
  A hydra (D:12)
  Fannar (D:11)
  2 boulder beetles
  A centaur warrior (D:9)
  3 two-headed ogres
  2 skysharks (Lair:2)
  2 bog bodies (Lair:2)
  8 manticores
  An ugly thing (D:12)
  3 cyclopes
  8 elephants (Lair:2)
  3 black mambas
  2 gargoyles
  Maurice (D:8)
  2 torpor snails (Lair:2)
  3 cane toads (Lair:1)
  A kobold demonologist (D:10)
  An unseen horror (D:12)
  2 tengu conjurers
  A komodo dragon (Lair:2)
  3 trolls
  A meliai (D:12)
  2 polar bears (Lair:1)
  5 blink frogs (Lair:1)
  A hornet (D:8)
  Prince Ribbit (D:8)
  A vampire (D:12)
  2 wyverns
  23 yaks
  9 wraiths
  An unseen horror simulacrum (D:9)
  A redback (D:9)
  3 steam dragons
  Grum (D:8)
  3 acid dragons
  Duvessa (D:7)
  7 water moccasins
  2 ice beasts (D:6)
  10 orc warriors
  A sky beast (D:7)
  2 black bears
  15 wolves
  2 ogres (D:7)
  8 centaurs
  3 phantoms (D:5)
  6 kobold brigands
  9 bullfrogs
  2 scorpions (D:5)
  2 gnoll sergeants
  4 wights (D:8)
  5 killer bees (D:11)
  Dowan (D:7)
  3 howler monkeys
  An electric eel (D:11)
  4 jellies
  A hound (D:6)
  9 orc priests
  A gnoll bouda (D:6)
  2 sleepcaps (D:5)
  Terence (D:3)
  3 iguanas
  12 orc wizards
  A human simulacrum (D:12)
  9 gnolls
  10 adders
  2 white imps
  An ufetubus (D:5)
  A dart slug (D:2)
  50 orcs
  5 bats
  9 endoplasms
  2 giant cockroaches
  8 hobgoblins
  6 jackals
  13 kobolds
  4 quokkas
  5 ball pythons
  4 frilled lizards
  13 goblins
  3 rats
369 creatures vanquished.

Vanquished Creatures (collateral kills)
  Joseph (D:8)
  A torpor snail (Lair:2)
  A steam dragon (D:8)
  A basilisk (Lair:2)
  An ice beast (D:8)
  4 kobolds (D:8)
9 creatures vanquished.

Vanquished Creatures (others)
  A wraith (D:12)
  A human simulacrum (D:12)
  42 fulminant prisms
44 creatures vanquished.

Grand Total: 422 creatures vanquished

Notes
Turn   | Place    | Note
-------+----------+-------------------------------------------
     0 | D:1      | Armakuni the Felid Shapeshifter began the quest for the
                  | Orb.
     0 | D:1      | Reached XP level 1. HP: 9/9 MP: 2/2
   178 | D:1      | Reached XP level 2. HP: 11/13 MP: 3/3
   732 | D:2      | Reached XP level 3. HP: 7/17 MP: 4/4
  1210 | D:2      | Reached XP level 4. HP: 22/22 MP: 5/5
  1540 | D:2      | Identified the +8 flail "Jollukon" {freeze, rPois rCorr
                  | Dex+3}
  1853 | D:3      | Noticed Terence
  2336 | D:3      | Killed by an exploding orc... ignited by their inner flame
  2358 | D:4      | Reached skill level 5 in Fighting
  2358 | D:4      | Reached XP level 5. HP: 26/26 MP: 6/6
  2531 | D:4      | Identified the orb of the First Telling Eyes {*Rage, rPois
                  | Regen+}
  2715 | D:5      | Entered Level 5 of the Dungeon
  2809 | D:4      | Noticed Crazy Yiuf
  2809 | D:4      | Found a runed translucent door.
  2963 | D:3      | Killed Terence
  3391 | D:5      | Gained mutation: You are covered in thick fur. (AC +2)
                  | [Felid growth]
  3391 | D:5      | Reached XP level 6. HP: 31/31 MP: 7/7
  3543 | D:5      | Found Epag Cucs's Magic Scroll Emporium.
  3550 | D:5      | Bought a scroll of teleportation for 45 gold pieces
  3550 | D:5      | Bought a scroll of fear for 60 gold pieces
  3618 | D:5      | Found a hazy altar of Hepliaklqana.
  3772 | D:5      | Reached XP level 7. HP: 18/34 MP: 8/8
  4169 | D:5      | Reached skill level 5 in Shapeshifting
  4656 | D:5      | Found a staircase to the Ecumenical Temple.
  4736 | Temple   | Entered the Ecumenical Temple
  5073 | D:6      | Reached XP level 8. HP: 33/38 MP: 9/9
  5075 | D:6      | Reached skill level 5 in Unarmed Combat
  5600 | D:6      | Found a white marble altar of Elyvilon.
  5600 | D:6      | Found a glowing golden altar of the Shining One.
  5601 | D:6      | Found a glowing silver altar of Zin.
  6006 | D:6      | Reached skill level 5 in Dodging
  6102 | D:7      | Found an opulent altar of Gozag.
  6251 | D:7      | Found a runed translucent door.
  6255 | D:7      | Found a runed translucent gate.
  6255 | D:7      | Found a runed translucent gate.
  6259 | D:7      | Found the +9 staff of Olgreb {rPois∞}
  6267 | D:7      | Found a runed translucent door.
  6292 | D:7      | Found a runed translucent gate.
  6319 | D:7      | Noticed Maggie
  6519 | D:7      | Learned a level 2 spell: Blink
  6522 | D:7      | Learned a level 2 spell: Lesser Beckoning
  6655 | D:7      | Reached skill level 1 in Translocations
  6668 | D:7      | Reached skill level 1 in Spellcasting
  6747 | D:7      | Reached XP level 9. HP: 34/42 MP: 11/11
  6991 | D:7      | Noticed Duvessa
  6991 | D:7      | Noticed Dowan
  7005 | D:7      | Killed Duvessa
  7012 | D:7      | Killed Dowan
  7355 | D:8      | Noticed Joseph
  7366 | D:8      | Killed Joseph
  7367 | D:8      | Reached skill level 5 in Translocations
  7386 | D:8      | Found Biunipoo's Weapon Shop.
  7582 | D:8      | Found a runed translucent gate.
  7582 | D:8      | Noticed Takeo's ghost (novice DsSh)
  8097 | D:9      | Reached skill level 10 in Shapeshifting
  8266 | D:9      | Identified the +1 hand axe of the Mushroom {flame, SInv}
  8331 | D:9      | Found a bloodstained altar of Trog.
  8539 | D:9      | Noticed a cyclops
  8677 | D:9      | Noticed a manticore
  8685 | D:9      | Shot with an arrow by a centaur
  8826 | D:8      | Found a stormy altar of Qazlal.
  8827 | D:8      | Found a shimmering blue altar of Sif Muna.
  8827 | D:8      | Found a radiant altar of Vehumet.
  8827 | D:8      | Found a basalt altar of Yredelemnul.
  8829 | D:8      | Found an iron altar of Okawaru.
  8829 | D:8      | Found a shimmering altar of Xom.
  8830 | D:8      | Found a hide-covered altar of Uskayaw.
  8901 | D:8      | Became a worshipper of Vehumet
  8953 | D:8      | Noticed Maurice
  8954 | D:8      | Found a staircase to the Lair.
  8954 | D:8      | Noticed Prince Ribbit
  8962 | D:8      | Killed Maurice
  8963 | D:8      | Reached XP level 10. HP: 34/47 MP: 12/12
  8970 | D:8      | Killed Prince Ribbit
  9002 | D:8      | Paralysed by a hornet for 2 turns
  9031 | D:8      | Noticed Grum
  9150 | D:8      | Found a runed translucent gate.
  9150 | D:8      | Found a runed translucent gate.
  9483 | D:8      | Killed Grum
  9578 | Lair:1   | Entered Level 1 of the Lair of Beasts
  9802 | Lair:1   | Noticed a cane toad
  9822 | Lair:1   | Killed a cane toad
  9855 | Lair:1   | Noticed a black mamba
  9868 | Lair:1   | Killed a black mamba
  9869 | Lair:1   | HP: 1/58 [poisoned by a black mamba]
 10011 | Lair:1   | Noticed a cane toad
 10029 | Lair:1   | Noticed a cane toad
 10273 | D:9      | Killed a manticore
 10698 | D:9      | Killed a cyclops
 10794 | D:9      | Reached * piety under Vehumet
 10794 | D:9      | Offered knowledge of Kiss of Death by Vehumet.
 10842 | D:9      | Reached XP level 11. HP: 54/54 MP: 13/13
 10956 | D:9      | Learned a level 2 spell: Searing Ray
 11009 | D:9      | Reached skill level 1 in Conjurations
 11034 | D:9      | Reached skill level 2 in Conjurations
 11209 | D:9      | Reached skill level 3 in Conjurations
 11262 | D:9      | Noticed a seven-headed hydra
 11758 | D:9      | Noticed a centaur warrior
 11763 | D:9      | Killed a centaur warrior
 11764 | D:9      | Reached skill level 4 in Conjurations
 11923 | D:9      | Reached skill level 5 in Conjurations
 12049 | D:9      | Noticed a centaur warrior
 12050 | D:9      | a centaur warrior changed into a redback
 12202 | D:10     | Entered Level 10 of the Dungeon
 12202 | D:10     | Noticed a two-headed ogre
 12400 | D:10     | Reached ** piety under Vehumet
 12400 | D:10     | Offered knowledge of Sandblast by Vehumet.
 12483 | D:10     | Found a staircase to the Orcish Mines.
 12511 | D:10     | Reached skill level 6 in Conjurations
 12799 | D:10     | Found a broken altar of Ashenzari.
 12805 | D:10     | Found a burning altar of Makhleb.
 13199 | D:10     | Reached skill level 7 in Conjurations
 13205 | D:10     | Learned a level 4 spell: Fulminant Prism
 13493 | D:10     | Killed a two-headed ogre
 13692 | D:11     | Offered knowledge of Scorch by Vehumet.
 13693 | D:11     | Reached skill level 5 in Hexes
 13724 | D:11     | Noticed a boulder beetle
 13995 | D:11     | Reached *** piety under Vehumet
 14082 | D:11     | Noticed Fannar
 14115 | D:11     | Killed Fannar
 14116 | D:11     | Gained mutation: Your thick and shaggy fur keeps you warm.
                  | (AC +3, rC+) [Felid growth]
 14116 | D:11     | Reached XP level 12. HP: 41/58 MP: 15/18
 14400 | D:11     | Killed a boulder beetle
 14861 | D:11     | Reached skill level 8 in Conjurations
 15287 | D:12     | Noticed Josephine
 15583 | D:12     | Killed Josephine
 15750 | D:12     | Reached skill level 9 in Conjurations
 15760 | D:12     | Learned a level 4 spell: Sticky Flame
 15804 | D:12     | Reached skill level 1 in Fire Magic
 15904 | D:12     | Noticed a two-headed ogre
 15911 | D:12     | Killed a two-headed ogre
 16423 | D:12     | Offered knowledge of Hailstorm by Vehumet.
 16428 | D:12     | Learned a level 3 spell: Hailstorm
 16532 | D:12     | Reached skill level 1 in Ice Magic
 16657 | D:12     | Noticed a six-headed hydra
 16668 | D:12     | Killed a six-headed hydra
 16769 | D:12     | Noticed a two-headed ogre
 16778 | D:12     | Killed a two-headed ogre
 16800 | D:12     | Noticed a boulder beetle
 16809 | D:12     | Killed a boulder beetle
 17044 | D:12     | Reached skill level 10 in Conjurations
 17727 | Lair:1   | Reached skill level 10 in Fighting
 17804 | Lair:1   | Reached **** piety under Vehumet
 17813 | Lair:1   | Offered knowledge of Volatile Blastmotes by Vehumet.
 17814 | Lair:1   | Reached skill level 10 in Unarmed Combat
 17884 | Lair:1   | Reached XP level 13. HP: 25/61 MP: 20/20
 19092 | Lair:2   | Found a snail-covered altar of Cheibriados.
 19315 | Lair:2   | Slain by a yak
 19491 | Lair:2   | Found a staircase to the Swamp.
 19501 | Lair:2   | Reached skill level 10 in Dodging
 20298 | Lair:2   | Identified the +3 shortbow "Mamiacui" {drain, rN+++ Dex-3}
 20310 | Lair:2   | Reached skill level 11 in Conjurations
 20343 | Lair:2   | Mangled by an elephant
 20394 | Lair:2   | Slain by an elephant

Illustrated notes

Levels and vault maps discovered:
D:1:      lemuel_arrival_muddy, layout_basic, minmay_tetromino_t2
D:2:      layout_basic, grunt_ministairs_6, minmay_indecisive_spiral
D:3:      layout_basic, uniq_terence
D:4:      layout_rooms, uniq_crazy_yiuf_cottage
D:5:      mumra_celtic_spiral_tile, layout_loops_ring,
          nicolae_hepliaklqana_hippocampus, temple_hall, serial_shops,
          nicolae_square_shop, grunt_decor_one_mirror, kennysheep_generic_room_3
D:6:      layout_rooms, good_gods_mini_temple
D:7:      layout_loops_ring, grunt_gozag_breadcrumbs, minmay_misc_feat_rugged,
          serial_bayou_pond_e, minmay_guarded_unrand_staff_of_olgreb,
          uniq_maggie, uniq_duvessa
D:8:      layout_gridville, grunt_temple_overflow_open, dpeg_oklobed_lair,
          serial_shops, shop, gammafunk_ghost_split, uniq_joseph, uniq_maurice,
          uniq_grum, uniq_prince_ribbit1
D:9:      minmay_the_grid_octo_tiled_squarecenter
          [minmay_the_grid_octo_odd_swirl, minmay_the_grid_octo_77,
          minmay_the_grid_octo_chip, minmay_the_grid_octo_pinwheel,
          minmay_the_grid_square_5x5_megaprize_crossed,
          minmay_the_grid_square_5x5_hourglass,
          minmay_the_grid_square_5x5_inner_i,
          minmay_the_grid_square_5x5_tri_point,
          minmay_the_grid_square_5x5_empty], layout_basic,
          general_overflow_altar, evilmike_butchery
D:10:     layout_basic, mainiacjoe_overflow_catwalk_spiral,
          kennysheep_orc_monster_closet_entryway
D:11:     layout_basic, minivault_22, uniq_fannar
D:12:     minmay_chambers_of_sevens, layout_long_grid, bh_circular_ruins,
          uniq_josephine
Temple:   nicolae_temple_superstar
Lair:1:   layout_loops_ring, grunt_megastairs_2
Lair:2:   layout_misc_corridors, skrybe_swamp_entry_bodies,
          kennysheep_snail_temple

Skill      XL: |  1  2  3  4  5  6  7  8  9 10 11 12 13 |
---------------+----------------------------------------+-----
Fighting       | 2 3 5 6 7 9 10 | 10.0
Unarmed Combat | 4 6 9 10 | 10.0
Shapeshifting  | 4 6 7 10 | 10.0
Dodging        | 6 10 | 10.0
Translocations | 2 5 |  5.0
Spellcasting   | 1 3 4 |  4.0
Conjurations   | 7 10 11 | 11.2
Hexes          | 7 |  7.0
Fire Magic     | 4 |  4.0
Ice Magic      | 3 |  3.0

Action                     |  1- 3 |  4- 6 |  7- 9 | 10-12 | 13-15 || total
---------------------------+-------+-------+-------+-------+-------++-------
  Melee: Unarmed           |    69 |   192 |   264 |   471 |   148 ||  1144
         Bite              |     5 |    18 |    25 |     1 |       ||    49
         Punch             |     2 |     5 |     7 |     1 |       ||    15
         Constrict         |       |       |     8 |    96 |    25 ||   129
   Cast: Blink             |       |       |     2 |     1 |       ||     3
         Searing Ray       |       |       |       |    14 |     1 ||    15
         Lesser Beckoning  |       |       |       |    12 |       ||    12
         Fulminant Prism   |       |       |       |    32 |    10 ||    42
         Sticky Flame      |       |       |       |    10 |    22 ||    32
         Hailstorm         |       |       |       |       |     3 ||     3
Ability: Begin Untransform |       |       |     1 |     1 |       ||     2
  Evoke: Wand              |       |       |    10 |    40 |     5 ||    55
    Use: Potion            |     2 |     2 |    11 |     7 |       ||    22
         Scroll            |     1 |    13 |     8 |    13 |     1 ||    36
   Stab: Sleeping          |     2 |     4 |     2 |       |       ||     8
 Armour: Skin              |    22 |    40 |   101 |   326 |   133 ||   622
  Dodge: Dodged            |    44 |   142 |   234 |   428 |   166 ||  1014
   Form: Anaconda          |       |       |     4 |     2 |       ||     6
         Beast             |       |       |     1 |     1 |       ||     2

Table legend: (Time is in decaauts)
 A = Elapsed time spent in this place.
 B = Non-inter-level travel time spent in this place.
 C = Inter-level travel time spent in this place.
 D = Time resting spent in this place.
 E = Time spent auto-exploring this place.
 F = Levels seen in this place.
 G = Mean time per level.
                   A        B        C        D        E       F      G
               +--------+--------+--------+--------+--------+-----+--------+
         Total |  19181 |  18279 |    902 |   6635 |   7916 |  15 | 1278.7 |
       Dungeon |  15940 |  15107 |    833 |   5155 |   6817 |  12 | 1328.3 |
        Temple |      1 |      1 |      0 |      0 |      0 |   1 |    1.0 |
          Lair |   3239 |   3172 |     67 |   1479 |   1099 |   2 | 1619.5 |
               +--------+--------+--------+--------+--------+-----+--------+

Top non-repeatable levels by time:
     D:9: 2989 daAuts
  Lair:1: 2093 daAuts
    D:11: 2087 daAuts
    D:12: 1826 daAuts
     D:5: 1733 daAuts
    D:10: 1375 daAuts
     D:7: 1232 daAuts
     D:8: 1201 daAuts
  Lair:2: 1145 daAuts
     D:3: 847 daAuts
     D:2: 843 daAuts
     D:1: 645 daAuts
     D:6: 642 daAuts
     D:4: 514 daAuts
  Temple: 1 daAuts
